 Dungeon Crawl Stone Soup version 0.13.0-18-g7b03ea5 (webtiles) character file.

379 Ragg the Grave Robber (level 6, -11/41 HPs)
             Began as a Human Necromancer on Oct 23, 2013.
             Was an Initiate of Kikubaaqudgha.
             Mangled by a yak (14 damage)
             ... on Level 4 of the Dungeon.
             The game lasted 01:07:57 (5222 turns).

Ragg the Grave Robber (Human Necromancer)           Turns: 5222, Time: 01:07:57

HP -11/41        AC  3     Str  8      XL: 6   Next: 40%
MP   1/14        EV 12     Int 17      God: Kikubaaqudgha [......]
Gold 120         SH  0     Dex 14      Spells:  4 memorised,  5 levels left

Res.Fire  : + . .   See Invis. : +   g - +0 spear
Res.Cold  : + . .   Warding    : .   a - +1 robe
Life Prot.: + . .   Conserve   : .   (no shield)
Res.Poison: +       Res.Corr.  : .   (no helmet)
Res.Elec. : +       Clarity    : .   (no cloak)
Sust.Abil.: . .     Spirit.Shd : .   (no gloves)
Res.Mut.  : .       Stasis     : .   (no boots)
Res.Rott. : .       Flight     : +   (no amulet)
Saprovore : . . .                    u - ring of see invisible
                                     i - ring of positive energy

@: invisible, flying, very slightly contaminated, slightly resistant to hostile
enchantments, fairly stealthy
A: no striking features
a: Renounce Religion


You were on level 4 of the Dungeon.
You worshipped Kikubaaqudgha.
Kikubaaqudgha was noncommittal.
You were hungry.

You visited 2 branches of the dungeon, and saw 5 of its levels.

You collected 100 gold pieces.

Inventory:

Hand weapons
 d - a -1,+1 dwarven hand axe
 g - a +0,+0 spear (weapon)
 j - a +0,+4 short sword of flaming
 n - a +0,+3 orcish hand axe of freezing
 p - a +0,+3 orcish hand axe of freezing
 r - a +0,+3 orcish hand axe of freezing
 t - a +0,+3 orcish hand axe of freezing
 v - a +0,+1 orcish trident
Missiles
 e - a dart (quivered)
Armour
 a - a +1 robe (worn)
Comestibles
 c - a bread ration
 l - 2 meat rations
 q - a royal jelly
 A - a choko
Scrolls
 h - 4 scrolls of identify
 s - a scroll of recharging {unknown}
Jewellery
 i - a ring of positive energy (left hand)
 u - a ring of see invisible (right hand)
Potions
 o - a potion of curing
Books
 b - a book of Necromancy

   Spells                             Type                      Level
   *Pain                              Necromancy                   1
   *Animate Skeleton                  Necromancy                   1
   Lethal Infusion                    Charms/Necromancy            2
   *Vampiric Draining                 Necromancy                   3
   *Regeneration                      Charms/Necromancy            3
   Animate Dead                       Necromancy                   4
   Control Undead                     Necromancy                   4


   Skills:
 - Level 2.0 Dodging
 - Level 2.0 Stealth
 + Level 4.1 Spellcasting
 + Level 5.6 Necromancy


You had 5 spell levels left.
You knew the following spells:

 Your Spells              Type           Power        Failure   Level  Hunger
a - Pain                  Necr           ###.         1%          1    None
b - Animate Skeleton      Necr           N/A          1%          1    None
c - Vampiric Draining     Necr           ###.......   6%          3    ###....
d - Regeneration          Chrm/Necr      ##........   17%         3    ###....


Dungeon Overview and Level Annotations

Branches:
Dungeon (4/27)             Temple (1/1) D:4

Altars:
Ashenzari
Cheibriados
Fedhas
Kikubaaqudgha
Makhleb
Nemelex Xobeh
Sif Muna
Trog
Vehumet
Xom
Yredelemnul
Zin
the Shining One


Message History

Aim: a yak (heavily wounded)
The yak is severely wounded.
You feel life coursing into your body. The yak barely misses you.
You hit the yak.
The yak is severely wounded.
The yak gores you!
* * * LOW HITPOINT WARNING * * *
Unknown command.
You feel protected.
It was a potion of resistance.
The yak closely misses you.
Drink which item? (? for menu, Esc to quit)
You feel very buoyant.
You fly up into the air.
It was a potion of flight.
The yak barely misses you.
Drink which item? (? for menu, Esc to quit)
You fade into invisibility!
It was a potion of invisibility.
The yak gores you.
* * * LOW HITPOINT WARNING * * *
The yak gores you!
You die...
Kikubaaqudgha rasps: "You have failed me!
Welcome... death!"

#....#.$?..#.....# #.##.
######.....#.###.# #.##.
.....#.###.#####.#.. ...
#...).........#
########'#########......##
##...##.....#
...###.###..#
#.....#.....#....%#..#
##..
#...).'..8Y.+.D..$##.# ##.
#.....#...@.#....?##.# ##
##...##.....# ...###.#
######..(..########.#
#..............#
################


You could see a yak.

Vanquished Creatures
  A hound (D:4)
  An iguana (D:4)
  An orc wizard (D:3)
  A gnoll (D:3)
  A giant mite (D:2)
  A worm (D:4)
  2 adders
  A giant eyeball (D:4)
  5 giant geckos
  7 orcs
  2 ball pythons
  3 giant cockroaches
  5 hobgoblins
  3 jackals
  10 kobolds
  4 bats
  5 giant newts
  3 goblins
  A hobgoblin skeleton (D:4)
  A quokka (D:2)
  5 rats
63 creatures vanquished.

Vanquished Creatures (collateral kills)
  An orc priest (D:4)
  4 adders
  A giant eyeball (D:4)
  2 oozes
  3 orcs
  A goblin (D:1)
  2 hobgoblins
  A jackal (D:4)
  A kobold (D:1)
  A rat (D:1)
17 creatures vanquished.

Vanquished Creatures (others)
  2 adder skeletons
  3 bat skeletons
  A ball python skeleton (D:3)
  2 giant gecko skeletons
  2 giant newt skeletons
  A hobgoblin skeleton (D:1)
  A jackal skeleton (D:4)
  4 kobold skeletons
  5 orc skeletons
  2 rat skeletons
23 creatures vanquished.

Grand Total: 103 creatures vanquished

Notes
Turn   | Place    | Note
--------------------------------------------------------------
     0 | D:1      | Ragg, the Human Necromancer, began the quest for the Orb.
     0 | D:1      | Reached XP level 1. HP: 13/13 MP: 3/3
     0 | D:1      | tripwire: good combo
     0 | D:1      | Ragg: Cool
     0 | D:1      | tripwire: heres a tip
     0 | D:1      | tripwire: make a macro for spamming ur skill pain
     0 | D:1      | tripwire: i use a numpad so i made a macro for numpad+
     0 | D:1      | tripwire: "zaf" sans quotes is what u want
     0 | D:1      | Ragg: Hmm
     0 | D:1      | tripwire: which will just press z for spell, a for pain, and f for fire
     0 | D:1      | tripwire: ctrl+d sets a macro
     0 | D:1      | Ragg: i see
     0 | D:1      | Ragg: ok ty
     0 | D:1      | tripwire: if theres no enemy it wont work :P
     0 | D:1      | tripwire: but yeah
     0 | D:1      | Ragg: yea
     5 | D:1      | tripwire: its good to have it there for spamming
    15 | D:1      | tripwire: pain is pretty sweet
    16 | D:1      | tripwire: its like a magic dart that hurts u a little
    16 | D:1      | Ragg: It seems cool
    22 | D:1      | Learned a level 1 spell: Animate Skeleton
    25 | D:1      | Ragg: what the
    38 | D:1      | tripwire: u can only animate whole corpses
    38 | D:1      | tripwire: i think
    38 | D:1      | tripwire: and then the chunks fall off them
    38 | D:1      | Ragg: oh ok
    39 | D:1      | Ragg: noo
    39 | D:1      | tripwire: so yeah, with this class the early game is like, hiding behind skeletons and spamming pain
    39 | D:1      | tripwire: lol
    39 | D:1      | tripwire: thats not the worst
    39 | D:1      | tripwire: just read each scroll u pickup till u find remove curse
    39 | D:1      | tripwire: itll be on the first 2 floors
    39 | D:1      | Ragg: What does it mean its glowing
    39 | D:1      | tripwire: glowing means random magic thing
    39 | D:1      | Ragg: oh
    39 | D:1      | tripwire: in this case probably the fact that its got like
    39 | D:1      | Ragg: are cursed items always bad?
    39 | D:1      | tripwire: -5 , -3
    39 | D:1      | tripwire: overwhelmingly they are yeah
    39 | D:1      | tripwire: but not always horrible
    39 | D:1      | Ragg: hmm
    39 | D:1      | tripwire: like u can have a cursed 0,-1 weapon
    52 | D:1      | tripwire: just dont rely on melee, which u shouldnt be doing much anyway
    53 | D:1      | Ragg: i should have rested huh
    53 | D:1      | Ragg: hmm
    55 | D:1      | tripwire: yeah
    61 | D:1      | Ragg: my hand axe pwns
    61 | D:1      | tripwire: lol
    85 | D:1      | tripwire: oh yeah another key thing, is in the beginning
    86 | D:1      | tripwire: set all skills cept for spellcasting
    86 | D:1      | tripwire: off
    89 | D:1      | tripwire: cuz the first few levels of spellcasting will add to ur MP
    93 | D:1      | tripwire: which makes a big deal
    95 | D:1      | tripwire: like getting to cast pain 6 times vs 5
    95 | D:1      | Ragg: oh
    95 | D:1      | tripwire: i put it on manual
    95 | D:1      | Ragg: oic
    95 | D:1      | tripwire: now enable a skill
    95 | D:1      | tripwire: and yeah u get it
   134 | D:1      | Reached XP level 2. HP: 16/19 MP: 0/4
   135 | D:1      | tripwire: pain doesn't work on the undead and demons and otherwise unliving stuff, so sometimes u have to rely on skeletons
   135 | D:1      | tripwire: or else just run
   135 | D:1      | Ragg: do animated dead last forever
   135 | D:1      | Ragg: and can they like get pissed and attack you
   135 | D:1      | tripwire: yeah but only on the level
   135 | D:1      | tripwire: and no
   135 | D:1      | Ragg: cool
   135 | D:1      | tripwire: theyre totally obedient slaves
   136 | D:1      | tripwire: u can murder them if u want
   136 | D:1      | tripwire: they dont mind
   257 | D:1      | tripwire: could be a nice whip..
   257 | D:1      | Ragg: ok so random items will probably not be worth picking up
   257 | D:1      | Ragg: whereas glowing ones will be
   257 | D:1      | Ragg: or runes ones
   257 | D:1      | tripwire: exactly
   257 | D:1      | Ragg: right
   257 | D:1      | tripwire: if its blue
   257 | D:1      | Ragg: Cool
   259 | D:1      | tripwire: humans have neutral aptitude
   260 | D:1      | tripwire: which is good
   282 | D:1      | tripwire: cuz that means ur fine at learning whatever weapon u want
   282 | D:1      | Ragg: Equally good at everything?
   282 | D:1      | Ragg: Cool
   390 | D:1      | Ragg: what the
   390 | D:1      | Ragg: oh
   390 | D:1      | tripwire: what
   390 | D:1      | tripwire: oh
   390 | D:1      | Ragg: now zaf uses animate...
   390 | D:1      | Ragg: the macro
   390 | D:1      | tripwire: hold on
   390 | D:1      | tripwire: press z
   390 | D:1      | tripwire: thats weird
   390 | D:1      | tripwire: oh i kno
   390 | D:1      | Ragg: pain is greyed out
   390 | D:1      | tripwire: right
   390 | D:1      | tripwire: u dont have LOS
   390 | D:1      | tripwire: so theres no target
   390 | D:1      | Ragg: oh
   390 | D:1      | Ragg: but i can still see him because of my skellies?
   390 | D:1      | tripwire: press T
   390 | D:1      | tripwire: well u can see him
   390 | D:1      | tripwire: woops t
   390 | D:1      | tripwire: tell em to get em
   391 | D:1      | Ragg: right
   391 | D:1      | Ragg: nice
   406 | D:1      | Ragg: wow
   406 | D:1      | tripwire: *dusts hands*
   406 | D:1      | Ragg: they were kinda useless
   406 | D:1      | Ragg: Whatever
   432 | D:1      | tripwire: yeah skeletons are like, patheticly weak
   444 | D:1      | tripwire: but they can have good dmg if its like an ogre skeleton
   450 | D:1      | tripwire: plus they just clog up hallways and let u escape
   450 | D:1      | Ragg: Cool
   488 | D:1      | tripwire: only thing is
   488 | D:1      | tripwire: they stay on the level forever
   490 | D:1      | tripwire: they dont follow u between floors
   497 | D:1      | tripwire: whereas summons do
   498 | D:1      | Ragg: ok
   498 | D:1      | Ragg: Is there any reason to go back up?
   506 | D:1      | tripwire: well eeeventually yeah
   511 | D:1      | tripwire: after u get the orb :)
   568 | D:1      | Ragg: ok
   631 | D:1      | tripwire: read those scrolls
   632 | D:1      | tripwire: ouch
   632 | D:1      | tripwire: lol
   632 | D:1      | Ragg: lmao
   632 | D:1      | tripwire: that just means
   633 | D:1      | tripwire: a remove scroll will get both
   633 | D:1      | tripwire: hm
   633 | D:1      | Ragg: ok
   633 | D:1      | Ragg: whoa
   642 | D:1      | tripwire: not bad to ID that early either
   649 | D:1      | Ragg: Uhh
   649 | D:1      | Ragg: Can i not cast thru my friends?
   649 | D:1      | tripwire: yeup
   649 | D:1      | Ragg: ok
   653 | D:1      | tripwire: later on u get like
   654 | D:1      | tripwire: bolt of draining
   656 | D:1      | tripwire: and u CAN cast that thru zombiesetc
   660 | D:1      | tripwire: *etc
   660 | D:1      | Ragg: cool
   660 | D:1      | Ragg: Cuz it doesnt hurt undeads?
   660 | D:1      | tripwire: exactly
   661 | D:1      | tripwire: and it pierces
   666 | D:1      | tripwire: well i mean
   667 | D:1      | tripwire: like u can fire bolts of fire through them too
   702 | D:1      | tripwire: but it will tend to kill them
   702 | D:1      | Ragg: right
   748 | D:1      | tripwire: cmon lucky scroll
   748 | D:1      | tripwire: Um
   748 | D:1      | tripwire: hold up
   748 | D:1      | tripwire: use it on ring
   748 | D:1      | Ragg: hmm
   749 | D:1      | Ragg: yay
   749 | D:1      | tripwire: excellent
   750 | D:1      | Ragg: Sounds good to me
   750 | D:1      | tripwire: yup
   964 | D:2      | Reached XP level 3. HP: 12/24 MP: 0/6
  1035 | D:2      | Ragg: teh
  1035 | D:2      | tripwire: UNCURSED!
  1035 | D:2      | Ragg: o really
  1035 | D:2      | Ragg: cool
  1035 | D:2      | tripwire: ID the whiup
  1035 | D:2      | tripwire: with ur id scroll
  1036 | D:2      | tripwire: heh
  1036 | D:2      | Ragg: crap
  1036 | D:2      | tripwire: good thing u didnt wield
  1036 | D:2      | Ragg: ill just use me axe
  1036 | D:2      | Ragg: yea
  1046 | D:2      | Ragg: are gray robes worht looking at
  1046 | D:2      | tripwire: nop
  1046 | D:2      | Ragg: ok
  1049 | D:2      | tripwire: u have one on u
  1053 | D:2      | tripwire: so itll be exactly the same
  1080 | D:2      | Ragg: oh
  1106 | D:2      | tripwire: spear
  1109 | D:2      | tripwire: spear is sweet with zombies
  1109 | D:2      | tripwire: u can evoke it
  1109 | D:2      | tripwire: to stab from behind a skeletyon
  1111 | D:2      | Ragg: Sounds cool
  1198 | D:2      | tripwire: if u press tab when a monster is 2 squares away from u
  1198 | D:2      | tripwire: it should auto stab it
  1198 | D:2      | Ragg: cool
  1229 | D:2      | tripwire: er well, not directly adjectent to u i mean
  1232 | D:2      | Ragg: yea i get it
  1232 | D:2      | tripwire: jhlskgh
  1265 | D:2      | Ragg: ...
  1326 | D:2      | tripwire: lol
  1341 | D:2      | tripwire: oh
  1341 | D:2      | tripwire: this is
  1341 | D:2      | tripwire: charging
  1341 | D:2      | Ragg: hmm
  1341 | D:2      | tripwire: u need a wand
  1341 | D:2      | Ragg: oh
  1341 | D:2      | tripwire: or wait
  1341 | D:2      | tripwire: it could be
  1341 | D:2      | tripwire: enchant armor
  1342 | D:2      | Ragg: charing i guess
  1342 | D:2      | tripwire: whatd u use it on
  1342 | D:2      | Ragg: tried using on robe
  1342 | D:2      | tripwire: ah
  1342 | D:2      | tripwire: oh well
  1349 | D:2      | tripwire: i mean at least u IDed all this stuff early
  1383 | D:2      | tripwire: WHOA
  1384 | D:2      | tripwire: ROyAL JELLY
  1384 | D:2      | tripwire: save that
  1384 | D:2      | Ragg: ?
  1399 | D:2      | tripwire: its worth an insane amount of nutrition
  1401 | D:2      | tripwire: it cures all stat loss
  1401 | D:2      | Ragg: oh
  1401 | D:2      | tripwire: its very rare and good
  1401 | D:2      | Ragg: Cool
  1407 | D:2      | tripwire: plus u can eat it in just 1 turn
  1417 | D:2      | tripwire: which is key for when ur like starving and need to cast spells while monsters are right next to u
  1458 | D:2      | Reached XP level 4. HP: 26/30 MP: 4/8
  1520 | D:2      | tripwire: can u memorize anything else?
  1520 | D:2      | Ragg: good tip
  1520 | D:2      | tripwire: u prolly wanna turn some other skillz on now
  1520 | D:2      | tripwire: hmm
  1520 | D:2      | tripwire: vamp draining and regen are both insanely good
  1520 | D:2      | tripwire: vamp draining is great up close
  1520 | D:2      | tripwire: well rather it only works up close
  1520 | D:2      | tripwire: but it drains so much HP that u can tank monsters
  1520 | D:2      | tripwire: if u cast it over and over
  1520 | D:2      | Ragg: Cool
  1520 | D:2      | tripwire: and regen just makes ur passive regen much higher for like 10 turns
  1520 | D:2      | tripwire: but u can spam it to make it last longer
  1520 | D:2      | Ragg: I got zombie spell but idk if its worth it with 38%
  1520 | D:2      | Ragg: ill just do vamp draining i guess
  1520 | D:2      | Ragg: and start learning necromancy
  1520 | D:2      | tripwire: u cant learn zombie spell yet anyway
  1520 | D:2      | tripwire: can u
  1520 | D:2      | Ragg: oh
  1520 | D:2      | tripwire: oh wait i guess u can
  1520 | D:2      | Ragg: erm
  1520 | D:2      | Ragg: yea
  1524 | D:2      | Learned a level 3 spell: Vampiric Draining
  1524 | D:2      | Ragg: Any of the other stuff worth learning?
  1524 | D:2      | tripwire: for right now i think thats a good mix
  1524 | D:2      | tripwire: but like
  1524 | D:2      | tripwire: stealth is one of the best ways of mitigating threats
  1524 | D:2      | Ragg: Can you sneak attack with spells+
  1524 | D:2      | Ragg: or ranged weapons
  1524 | D:2      | tripwire: because it gives ua chance to run before things dangerous to kill u can chase u down
  1524 | D:2      | tripwire: u can't sneak attack its just a safety thing
  1524 | D:2      | Ragg: hmm right
  1524 | D:2      | Ragg: ok
  1524 | D:2      | tripwire: same with dodging
  1524 | D:2      | Ragg: only assassins can sneak attack?
  1524 | D:2      | tripwire: well
  1524 | D:2      | tripwire: anyone can
  1524 | D:2      | tripwire: if u melee am onster up close
  1524 | D:2      | tripwire: u stab it
  1524 | D:2      | Ragg: ok
  1524 | D:2      | tripwire: ESP with short blades
  1524 | D:2      | Ragg: so its melee only
  1524 | D:2      | Ragg: Cool
  1524 | D:2      | tripwire: and ESP with daggers
  1524 | D:2      | Ragg: ok
  1601 | D:2      | tripwire: dodging, since its the only thing u have of mitigating, a lot of ppl have the school of thought that u should leave it on all the time
  1601 | D:2      | tripwire: mitigating DMG i mean
  1646 | D:2      | Ragg: hmm
  1646 | D:2      | tripwire: but i usually just focus on DMG first and worry about killing shit before it can reach me
  1647 | D:2      | tripwire: and hiding behind skeletons etc
  1647 | D:2      | Ragg: Hell yea
  1722 | D:2      | tripwire: as u get farther and farther tho, ull eventually have to start leaving dodging on all the time, and then focusiung on fighting (since it gradually raises u HP)
  1725 | D:2      | tripwire: thats many lvls from now hto
  1725 | D:2      | Ragg: oh ok
  1744 | D:3      | tripwire: good shit
  1783 | D:3      | tripwire: another reason regen is good: it can reduce ur dependence on cure pots
  1783 | D:3      | Ragg: if you got a lot of meats or w/e and no pots yea i guess thats cool
  1882 | D:3      | Ragg: neat
  1883 | D:3      | tripwire: thats a nice find
  1893 | D:3      | tripwire: basically a source of bullshit deaths eliminated
  1978 | D:3      | tripwire: surprised u haven't seen an OP unique yet
  1979 | D:3      | Ragg: yay
  1979 | D:3      | tripwire: aww ueaj
  1979 | D:3      | tripwire: &yeah
  2475 | D:3      | tripwire: blech - this tastes like blood!
  2475 | D:3      | Ragg: lol
  2501 | D:4      | tripwire: escape!
  2501 | D:4      | Ragg: uh oh
  2505 | D:3      | tripwire: just recharge ur batteries
  2602 | D:3      | tripwire: and lure the orcs up to get mobbed by bone squad
  2604 | D:3      | Ragg: mmm yummy apple
  2604 | D:3      | tripwire: haha
  2604 | D:3      | Ragg: how do i lure m up?
  2635 | D:3      | tripwire: go downstairs
  2637 | D:4      | tripwire: then upstairs
  2640 | D:3      | tripwire: when they are next to u
  2642 | D:3      | tripwire: theyll come up
  2647 | D:3      | tripwire: and probably get a free hit on you
  2648 | D:3      | Ragg: ok
  2673 | D:3      | tripwire: remember to stab thru ur skeletons as well
  2674 | D:3      | Ragg: oh right
  2740 | D:3      | tripwire: OK
  2744 | D:3      | tripwire: time to not g o downstairs there again
  2744 | D:3      | Ragg: lol
  2744 | D:3      | tripwire: orc priests are bad news
  2746 | D:3      | tripwire: drain this mothafucka
  2746 | D:3      | Ragg: holy fuck
  2746 | D:3      | tripwire: holy shit
  2746 | D:3      | tripwire: drain again
  2746 | D:3      | Reached XP level 5. HP: 14/35 MP: 3/11
  2747 | D:3      | Ragg: drain ftw.
  2747 | D:3      | tripwire: damn yo
  2747 | D:3      | tripwire: he puff of flamed u for like
  2747 | D:3      | tripwire: 25 dmg
  2747 | D:3      | tripwire: or something stupid
  2747 | D:3      | Ragg: yea
  2747 | D:3      | tripwire: RIP TRXIORASDKfd or whatever
  2747 | D:3      | Ragg: and he blew up my scroll too!
  2924 | D:3      | Ragg: oh right
  2924 | D:3      | tripwire: Um yeah
  2924 | D:3      | Ragg: you said to not go down
  2924 | D:3      | Ragg: lmao
  2924 | D:3      | Ragg: fuck
  2926 | D:3      | tripwire: they can s,ote i
  2927 | D:3      | tripwire: *smite you
  2930 | D:3      | Ragg: hell yeah
  2930 | D:3      | tripwire: phew
  2930 | D:3      | Ragg: drained
  2932 | D:3      | tripwire: orc priests will sit far away
  2934 | D:3      | tripwire: and hit you for like 15-30 dmg
  2937 | D:3      | tripwire: a turn
  2937 | D:3      | Ragg: dang
  3053 | D:4      | tripwire: u have to break LOS immediately if u see one
  3057 | D:4      | tripwire: even when meleeing them down theyre dangerous
  3199 | D:4      | tripwire: pretty cool high tension moment there when u got hit to 2HP and were RIGHT next to an orc
  3258 | D:4      | Ragg: yea
  3258 | D:4      | Ragg: i was like
  3258 | D:4      | Ragg: fuck
  3258 | D:4      | Ragg: potion time
  3258 | D:4      | Ragg: It worked out thankfully
  3258 | D:4      | Ragg: But now i have no potions
  3258 | D:4      | Ragg: Well, no healing potions
  3269 | D:4      | tripwire: time to learn regen
  3269 | D:4      | Ragg: hmm true
  3271 | D:4      | Ragg: oh dang
  3279 | D:4      | Reached skill level 5 in Necromancy
  3285 | D:4      | tripwire: gooo adder skeleton!
  3286 | D:4      | Ragg: hes doing work
  3292 | D:4      | tripwire: goddamnit adder skeleton
  3294 | D:4      | tripwire: hmmm
  3296 | D:4      | tripwire: seemslike a skeleton and run moment
  3296 | D:4      | tripwire: they have tridents
  3296 | D:4      | Ragg: oof
  3296 | D:4      | tripwire: they can reach
  3296 | D:4      | Ragg: what now
  3296 | D:4      | Ragg: just try to animate and run?
  3296 | D:4      | Ragg: its risky
  3296 | D:4      | tripwire: i would beeline for stairs
  3296 | D:4      | tripwire: they only move as fast as u
  3296 | D:4      | Ragg: hmm ok
  3311 | D:4      | tripwire: the one hucking axes will slow down to pick it up
  3317 | D:3      | tripwire: drain this dog
  3319 | D:3      | tripwire: phew
  3323 | D:3      | tripwire: close call
  3323 | D:3      | Ragg: dang
  3596 | D:4      | tripwire: eh
  3610 | D:4      | tripwire: 2 on 1 is kind of dangerous no
  3610 | D:4      | tripwire: i guess u can drain em out
  3612 | D:4      | Ragg: Boom
  3612 | D:4      | tripwire: nice
  3655 | D:4      | tripwire: that trident the other orc was wielding back there, was it magic?
  3655 | D:4      | Ragg: hmm
  3655 | D:4      | Ragg: i dunno
  3702 | D:4      | tripwire: cool
  3702 | D:4      | Ragg: nah
  3702 | D:4      | tripwire: enchanted throwing axes
  3703 | D:4      | tripwire: theyre prolly just +2+2 or something
  3703 | D:4      | Ragg: that is cool
  3706 | D:4      | tripwire: priest alert
  3712 | D:4      | tripwire: danger zone
  3712 | D:4      | tripwire: drain him
  3713 | D:4      | tripwire: phew
  3716 | D:4      | tripwire: ur lucky he coulda killed u
  3716 | D:4      | Ragg: Lucky... or skilled?
  3756 | D:4      | tripwire: he only smited once lol
  3826 | D:4      | tripwire: and it did like 14 dmg
  3838 | D:4      | tripwire: getting back to back smited is a real thing that happens
  3839 | D:4      | Reached XP level 6. HP: 37/41 MP: 2/13
  4111 | D:4      | tripwire: drain the worm dude... lol
  4117 | D:4      | Ragg: lol
  4125 | D:4      | Found a staircase to the Ecumenical Temple.
  4130 | D:4      | Ragg: whats this now
  4131 | Temple   | Entered the Ecumenical Temple
  4152 | Temple   | Ragg: oh cool
  4152 | Temple   | Ragg: Kikubaaqudgha sounds like a winner
  4158 | Temple   | tripwire: kiku is like
  4161 | Temple   | tripwire: guaranteed necrospellbooks
  4162 | Temple   | tripwire: thats his thing
  4163 | Temple   | tripwire: mkhleb gives u invocations that summon demons
  4163 | Temple   | tripwire: and healing on kills
  4170 | Temple   | tripwire: vehumet is the standard caster blaster god
  4170 | Temple   | tripwire: ashenzari is SWEET but weird
  4170 | Temple   | tripwire: its like u have to curse all ur gear
  4170 | Temple   | tripwire: but u get HUGE boosts to skills related to the gear
  4170 | Temple   | Ragg: lol
  4170 | Temple   | tripwire: like if u curse ur jewelry you get like 1-3 skill levels on spellcasting
  4170 | Temple   | Ragg: Ill just go with kiku prolly
  4173 | Temple   | tripwire: ash is sweet tho, def give him a try sometime
  4173 | Temple   | tripwire: nemelex is very ...
  4173 | Temple   | tripwire: well he forces a certain playstyle
  4176 | Temple   | tripwire: u use shitloads of decks
  4202 | Temple   | tripwire: and harvest items of certain kind to influence decks u get
  4202 | Temple   | tripwire: xom is the monkey cheese god
  4202 | Temple   | Ragg: Win
  4202 | Temple   | tripwire: who randomly gives u buffs or crazy catastrophes
  4207 | Temple   | tripwire: yruedlumele is like the death knight god
  4207 | Temple   | tripwire: he lets melee dudes summon zombies
  4207 | Temple   | Ragg: I can already do all those things
  4207 | Temple   | tripwire: basically the necro god for non necros
  4207 | Temple   | tripwire: yeah
  4207 | Temple   | tripwire: think of it like an evil paladin god
  4207 | Temple   | Ragg: nice
  4212 | Temple   | tripwire: sif minu gives u random spellbooks
  4212 | Temple   | tripwire: and lets u channel (trade food for MP)
  4212 | Temple   | tripwire: channelling is very powerful
  4218 | Temple   | tripwire: shining one doesnt like necros
  4218 | Temple   | tripwire: all the holy gods (elvylion and zin as well) shun necromancy
  4221 | Temple   | tripwire: elvyilon is a very cool god though
  4221 | Temple   | tripwire: u pacify monsters instead of killing them
  4224 | Temple   | tripwire: vehumet is the c aster god
  4224 | Temple   | tripwire: he gives u MP for kills
  4226 | Temple   | tripwire: and boosts conjuration spells
  4269 | Temple   | tripwire: for a necro, i 'd say ash and kiku are great choices
  4269 | Temple   | Ragg: ill try kiku
  4269 | Temple   | Became a worshipper of Kikubaaqudgha
  4375 | Temple   | tripwire: kikus c orpse delivery can be a pretty useful and interesting skill
  4399 | D:4      | Paralysed by a giant eyeball for 3 turns
  4402 | D:4      | Ragg: oh
  4402 | D:4      | Ragg: paralysis or some shit
  4402 | D:4      | tripwire: yup
  4421 | D:4      | tripwire: dont aggro floating eyes unless its just u and them
  4423 | D:4      | tripwire: cuz theyre harmless alone
  4428 | D:4      | tripwire: but theyll make monsters beat the shit out of u
  4429 | D:4      | Ragg: oh ok
  4479 | D:4      | Ragg: so hatches are one way
  4479 | D:4      | Ragg: thats their deal
  4506 | D:4      | Found a blossoming altar of Fedhas.
  4511 | D:4      | tripwire: just scattered around in case like
  4511 | D:4      | tripwire: ur running from a montser and need an exit
  4511 | D:4      | Ragg: yea
  4515 | D:4      | tripwire: adjecent monsters will still follow u through them tho
  4608 | D:4      | tripwire: u learn regen?
  4609 | D:4      | Ragg: no
  4609 | D:4      | tripwire: might be a good time
  4610 | D:4      | tripwire: oh yeah
  4610 | D:4      | Ragg: oops
  4610 | D:4      | tripwire: press "~"
  4610 | D:4      | tripwire: to repeat last action
  4610 | D:4      | tripwire: um
  4610 | D:4      | tripwire: `
  4610 | D:4      | tripwire: i mean
  4610 | D:4      | tripwire: not ~
  4610 | D:4      | tripwire: it just does whatever u last did
  4610 | D:4      | Ragg: fucking euro keyboard
  4610 | D:4      | tripwire: lol
  4610 | D:4      | tripwire: sorry
  4610 | D:4      | Ragg: oh
  4610 | D:4      | Ragg: it works
  4610 | D:4      | Ragg: nevermind
  4610 | D:4      | Ragg: lol
  4614 | D:4      | Learned a level 3 spell: Regeneration
  4686 | D:4      | tripwire: spam it a bunch
  4687 | D:4      | tripwire: it only last a few turns
  4688 | D:4      | tripwire: but i guess its not like ur HP is low iether
  4689 | D:4      | tripwire: whatever
  4695 | D:4      | tripwire: ogre skeleton might be dangerous
  4701 | D:4      | tripwire: u can't drain it and it can like 2-shot
  4701 | D:4      | tripwire: u
  4703 | D:4      | tripwire: i'd run
  4703 | D:4      | tripwire: skeletons dont chase u upstairs
  4754 | D:4      | tripwire: lol
  4754 | D:4      | Ragg: hmm
  4754 | D:4      | tripwire: make sure u go diagonal around corners man
  4754 | D:4      | tripwire: ur lettin him catch up to u
  4766 | D:4      | tripwire: u could just hangout in the temple
  4782 | D:4      | tripwire: i guess ud be trapped tholol
  4784 | D:3      | Ragg: hooray.
  4784 | D:3      | tripwire: fucking ogres
  4946 | D:3      | tripwire: hrm
  5074 | D:4      | Noticed a steam dragon
  5075 | D:4      | tripwire: close door
  5075 | D:4      | Ragg: oh jesus
  5075 | D:4      | Ragg: how
  5075 | D:4      | tripwire: C
  5076 | D:4      | tripwire: lol
  5076 | D:4      | Ragg: phew
  5076 | D:4      | tripwire: good thing they cant open doors
  5076 | D:4      | tripwire: HOWEVER
  5076 | D:4      | tripwire: there IS one unique dragon
  5076 | D:4      | tripwire: thats intelligent
  5076 | D:4      | tripwire: it CAN open doors
  5076 | D:4      | tripwire: so beware
  5076 | D:4      | tripwire: lol
  5079 | D:4      | Noticed a yak
  5084 | D:4      | tripwire: u can prolly take this yak
  5085 | D:4      | tripwire: but yeah the iguanas easier
  5088 | D:4      | tripwire: draining is really strong
  5088 | D:4      | Ragg: I should do that more
  5091 | D:4      | tripwire: as ur necro gets higher draining gets INSANE against living things
  5206 | D:4      | tripwire: the yak is a bit risky since it does like 20 HP hits sometimes
  5209 | D:4      | tripwire: but with d raining i think i can kill it
  5214 | D:4      | tripwire: um
  5215 | D:4      | tripwire: hm
  5217 | D:4      | tripwire: got a wand
  5217 | D:4      | Ragg: This yak is fucking me up
  5217 | D:4      | tripwire: hmm
  5217 | D:4      | Ragg: I dont have shit
  5217 | D:4      | Ragg: I should have meleed
  5217 | D:4      | Ragg: And then drained
  5217 | D:4      | Ragg: Insteqd of spamming drain
  5217 | D:4      | tripwire: its got too much life now
  5217 | D:4      | Ragg: can i run?
  5217 | D:4      | Ragg: is that like
  5217 | D:4      | Ragg: possible
  5217 | D:4      | tripwire: i think it outruns you
  5217 | D:4      | Ragg: hmm
  5217 | D:4      | tripwire: there is a way out of this tho
  5217 | D:4      | tripwire: have you ID ed cure wounds
  5217 | D:4      | tripwire: press uh \
  5217 | D:4      | tripwire: i think
  5217 | D:4      | tripwire: ok
  5217 | D:4      | tripwire: so its possible one of those potions
  5217 | D:4      | tripwire: is cure wounds
  5217 | D:4      | tripwire: oh wait
  5217 | D:4      | tripwire: damnit
  5217 | D:4      | tripwire: heal wounds i mean
  5217 | D:4      | Ragg: lol
  5217 | D:4      | tripwire: no its not possible
  5217 | D:4      | Ragg: try random potions?
  5217 | D:4      | tripwire: the only potion that helps
  5217 | D:4      | tripwire: is speed
  5217 | D:4      | Ragg: Well
  5217 | D:4      | tripwire: thats a longshot but might be the only way
  5220 | D:4      | tripwire: run!
  5220 | D:4      | tripwire: u have a chance!
  5220 | D:4      | Ragg: im invisible
  5222 | D:4      | Mangled by a yak

Action                   |  1- 3 |  4- 6 || total
-------------------------+-------+-------++-------
Melee: Hand axe          |    13 |       ||    13
       Spear             |       |    24 ||    24
 Cast: Pain              |    38 |    98 ||   136
       Animate Skeleton  |    14 |    20 ||    34
       Vampiric Draining |       |    18 ||    18
       Regeneration      |       |     1 ||     1
  Use: Scroll            |     8 |     2 ||    10
       Potion            |       |     7 ||     7
